 Dungeon Crawl Stone Soup version 0.19.5 (webtiles) character file.

356 equalderp2856 the Scratcher (level 6, 0/28 HPs)
             Began as a Felid Fighter on Mar 4, 2017.
             Succumbed to a scorpion's poison
             ... on level 4 of the Dungeon.
             The game lasted 00:19:19 (5844 turns).

equalderp2856 the Scratcher (Felid Fighter)         Turns: 5844, Time: 00:19:20

Health: 0/28       AC:  2    Str: 16    XL:     6   Next: 36%
Magic:  7/7        EV: 20    Int:  9    God:
Gold:   207        SH:  0    Dex: 17    Spells: 3 memorised, 0 levels left
                                        Lives:  0   Deaths: 1

rFire  . . .     SeeInvis +       - Unarmed
rCold  . . .     Gourm    .     (armour unavailable)
rNeg   . . .     Faith    .     (shield unavailable)
rPois  .         Spirit   .     (helmet unavailable)
rElec  .         Reflect  .     (cloak unavailable)
rCorr  .         Harm     .     (gloves unavailable)
MR     .....                    (boots unavailable)
Stlth  ++++......               h - amulet of regeneration
                                (no ring)
                                u - +3 ring of strength

@: lethally poisoned (0 -> -6), quick
A: no armour, no weapons or thrown items, stealth, claws 1, fangs 3, see
invisible, carnivore 3, speed 1, shaggy fur 2, slow metabolism 1, sharp paws
a: no special abilities


You were on level 4 of the Dungeon.
You were not hungry.

You visited 1 branch of the dungeon, and saw 5 of its levels.
You also visited: Ossuary.

You collected 207 gold pieces.

Inventory:

Missiles
 j - 36 arrows
Jewellery
 h - an amulet of regeneration (around neck)
 u - a +3 ring of strength (left paw)
Scrolls
 e - 3 scrolls of remove curse
 i - 3 scrolls of identify
 l - 2 scrolls of fear
Potions
 a - 3 potions of might
 c - a potion of magic {unknown}
 d - a potion of curing {unknown}
 f - 2 potions of haste
 m - 2 potions of mutation {unknown}
 n - a potion of agility {unknown}
 o - 3 potions of heal wounds
 q - 2 potions of flight {unknown}
 r - a potion of resistance {unknown}
 s - a potion of cure mutation {unknown}
 v - 2 potions of berserk rage {unknown}
 w - 2 potions of lignification {unknown}
 x - a potion of ambrosia {unknown}
Books
 k - a book of Minor Magic

   Spells                             Type                      Level
   a - Magic Dart                     Conjuration                  1
   b - Blink                          Translocation                2
   c - Call Imp                       Summoning                    2
   d - Repel Missiles                 Charms/Air                   2
   e - Slow                           Hexes                        2
   f - Conjure Flame                  Conjuration/Fire             3
   g - Mephitic Cloud                 Conjuration/Poison/Air       3
Comestibles
 b - 4 meat rations
 g - a royal jelly


   Skills:
 + Level 3.7 Fighting
 + Level 5.1 Dodging
 + Level 5.5 Stealth
 + Level 6.7 Unarmed Combat


You couldn't memorise any spells.
You knew the following spells:

 Your Spells              Type           Power        Failure   Level  Hunger
a - Magic Dart            Conj           #...         38%         1    ##.....
b - Blink                 Tloc           N/A          65%         2    ###....
c - Repel Missiles        Chrm/Air       #.....       65%         2    ###....


Dungeon Overview and Level Annotations

Branches:
Dungeon (5/15)
 Temple: D:4-7

Altars:
Makhleb

Annotations:
D:3 Felix's ghost, amateur HESk
D:5 Grinder


Innate Abilities, Weirdness & Mutations

You cannot wear armour.
You are incapable of wielding weapons or throwing items.
Your paws allow you to move quietly. (Stealth)
You have sharp claws.
You have razor-sharp teeth.
You have supernaturally acute eyesight. (SInv)
You are carnivorous and can eat meat at any time.
You cover ground quickly.
You are covered in thick fur. (AC +2)
You have a slow metabolism.
Your sharp claws are effective at attacking unaware monsters.


Message History

You are poisoned.
The scorpion poisons you!
You scratch the scorpion.
The scorpion is moderately wounded.
You feel sick. The scorpion stings you.
You are more poisoned.
The scorpion poisons you!
You closely miss the scorpion.
The scorpion is moderately wounded.
You feel sick. The scorpion misses you.
You barely miss the scorpion. Your bite misses the scorpion.
The scorpion is moderately wounded.
You feel sick. The scorpion stings you.
You feel sick.
You feel sick.
There is a stone staircase leading up here.
You feel sick. The scorpion stings you!
* * * LOW HITPOINT WARNING * * *
You climb upwards.
You die...

.##.# ##..# ##<.###..#.#.#
.##.##########..####..## ##......
......[..........>.....###.#.##.#
.####>########..####....#.#......
.# #)# #..# ##.#...#.#.... .# #.#
#..# #.#...#...... .# #.# #..#
##.###.#####.# .# #.#
#..####...##.# #.# .# #.#
#..@.........# #.. .# #.#
#.s####...#..####### .# #.#
#................... .#
#.########..####...#......... ##
#...........# ##.##..#######
###########.# #.##..# # #.#
#.....# # #.### ####..#######
#...# #..##...##


You could see a scorpion.

Vanquished Creatures
  Menkaure (Ossuary)
  4 centaur zombies (Ossuary)
  Terence (D:3)
  A worker ant (D:4)
  A big kobold zombie (Ossuary)
  An ogre zombie (Ossuary)
  6 mummies (Ossuary)
  4 adders
  An ooze (D:3)
  An adder zombie (Ossuary)
  An adder skeleton (D:4)
  2 dart slugs
  A leopard gecko (D:4)
  3 orcs
  5 giant cockroaches
  A gnoll zombie (Ossuary)
  7 goblins
  8 hobgoblins
  6 jackals (D:3)
  3 quokkas
  A ball python (D:3)
  10 bats
  2 frilled lizards (D:3)
  5 goblin zombies (Ossuary)
  8 hobgoblin zombies (Ossuary)
  6 kobolds
  4 kobold zombies (Ossuary)
  An orc zombie (Ossuary)
  3 quokka zombies (Ossuary)
  2 rats
  A rat zombie (Ossuary)
101 creatures vanquished.

Notes
Turn   | Place    | Note
-------+----------+-------------------------------------------
     0 | D:1      | equalderp2856 the Felid Fighter began the quest for the Orb.
     0 | D:1      | Reached XP level 1. HP: 10/10 MP: 2/2
   575 | D:1      | Reached XP level 2. HP: 14/14 MP: 3/3
   974 | D:2      | Reached XP level 3. HP: 12/17 MP: 4/4
  1312 | D:2      | Reached skill level 1 in Stealth
  1829 | D:3      | Reached XP level 4. HP: 18/21 MP: 5/5
  1895 | D:3      | Found a burning altar of Makhleb.
  2388 | D:3      | Noticed Terence
  2611 | D:3      | Killed Terence
  2611 | D:3      | Reached skill level 5 in Unarmed Combat
  2842 | D:3      | Noticed Felix's ghost (amateur HESk)
  2971 | D:4      | Found a sand-covered staircase.
  2981 | Ossuary  | Entered an ossuary
  3023 | Ossuary  | Reached XP level 5. HP: 22/24 MP: 6/6
  3729 | Ossuary  | Gained mutation: You are covered in thick fur. (AC +2) [Felid growth]
  3729 | Ossuary  | Reached XP level 6. HP: 28/28 MP: 7/7
  3848 | Ossuary  | Reached skill level 6 in Unarmed Combat
  3932 | Ossuary  | Noticed Menkaure
  4469 | Ossuary  | Reached skill level 5 in Stealth
  4599 | Ossuary  | Mangled by Menkaure
  4600 | Ossuary  | Reached XP level 5. HP: -6/24 MP: 6/6
  4615 | Ossuary  | Killed Menkaure
  4615 | Ossuary  | Reached skill level 5 in Dodging
  4615 | Ossuary  | Reached XP level 6. HP: 28/28 MP: 7/7
  5705 | D:4      | Learned a level 1 spell: Magic Dart
  5708 | D:4      | Learned a level 2 spell: Blink
  5711 | D:4      | Learned a level 2 spell: Repel Missiles
  5715 | D:5      | Entered Level 5 of the Dungeon
  5787 | D:5      | Noticed Grinder
  5843 | D:5      | HP: 1/28 [scorpion (10)]
  5844 | D:4      | Succumbed to a scorpion's poison

Skill      XL: |  1  2  3  4  5  6 |
---------------+-------------------+-----
Stealth        | 1 3 4 5 |  5.5
Unarmed Combat | 5 6 |  6.7
Dodging        | 5 |  5.1
Fighting       | |  3.7

Action                   |  1- 3 |  4- 6 || total
-------------------------+-------+-------++-------
Melee: Unarmed           |    63 |   218 ||   281
       Punch             |     2 |     7 ||     9
       Bite              |     3 |    29 ||    32
  Use: Scroll            |       |     9 ||     9
 Stab: Sleeping          |     9 |    18 ||    27
       Distracted        |       |     1 ||     1
  Eat: Chunk             |     2 |     7 ||     9
Armor: Skin              |     2 |     7 ||     9
Dodge: Dodged            |    47 |   131 ||   178
